 Dungeon Crawl Stone Soup version 0.22-a0-240-g539252a (webtiles) character file.

315 tidbits the Insei (level 6, 8/47 HPs)
             Began as a Gnoll Transmuter on Feb 21, 2018.
             Was an Initiate of Cheibriados.
             Quit the game in an ossuary.
             The game lasted 00:10:18 (1007 turns).

tidbits the Insei (Gnoll Transmuter)                Turns: 1007, Time: 00:10:19

Health: 8/47       AC:  2    Str: 16    XL:     6   Next: 43%
Magic:  4/14       EV: 24    Int: 18    God:    Cheibriados [......]
Gold:   124        SH:  0    Dex: 23    Spells: 9/15 levels left

rFire    . . .     SeeInvis .     - Unarmed
rCold    + . .     Gourm    +   (shield currently unavailable)
rNeg     . . .     Faith    .   (armour currently unavailable)
rPois    x         Spirit   .   (helmet currently unavailable)
rElec    .         Reflect  .   (cloak currently unavailable)
rCorr    .         Harm     .   (gloves currently unavailable)
MR       .....     Rnd*Rage +   (boots currently unavailable)
Stlth    ++........             h - amulet of the gourmand
HPRegen  0.15/turn              l - ring of protection from cold
MPRegen  0.14/turn              (no ring)

@: lethally poisoned (8 -> -11), spider-form (expiring), very slow
A: tiny, distributed training, agile 1, berserk 1, strong 1, strong nose
a: End Transformation, Bend Time, Renounce Religion


You were in an ossuary.
You worshipped Cheibriados.
Cheibriados was noncommittal.
You were not hungry.
You were a venomous arachnid creature.
You visited 1 branch of the dungeon, and saw 6 of its levels.
You also visited: Ossuary.

You collected 124 gold pieces.

Inventory:

Hand Weapons
 e - a +1 dagger (melded)
 k - a +0 short sword of flaming
   (You found it on level 2 of the Dungeon)
Missiles
 a - 2 arrows
 j - 33 sling bullets
Armour
 b - a +0 robe (melded)
 G - a +0 pair of gloves (melded)
Jewellery
 h - an amulet of the gourmand (around neck)
   (You found it on level 4 of the Dungeon)
 l - a ring of protection from cold (left front leg)
   (You found it on level 5 of the Dungeon)
Scrolls
 f - a scroll of teleportation
 g - a scroll of identify
 i - 2 scrolls of immolation
 m - a scroll of magic mapping
 n - a scroll of fog
Comestibles
 c - 2 rations


   Skills:
 + Level 3.2 Fighting
 + Level 1.9 Short Blades
 + Level 1.9 Long Blades
 + Level 1.9 Axes
 + Level 1.9 Maces & Flails
 + Level 1.9 Polearms
 + Level 1.9 Staves
 + Level 1.9 Slings
 + Level 1.9 Bows
 + Level 1.9 Crossbows
 + Level 1.9 Throwing
 + Level 1.9 Armour
 + Level 5.0 Dodging
 + Level 1.9 Stealth
 + Level 1.9 Shields
 + Level 6.8 Unarmed Combat
 + Level 5.3 Spellcasting
 + Level 1.5 Conjurations
 + Level 1.5 Hexes
 + Level 1.5 Charms
 + Level 1.5 Summonings
 + Level 1.5 Necromancy
 + Level 1.5 Translocations
 + Level 4.1 Transmutations
 + Level 1.5 Fire Magic
 + Level 1.5 Ice Magic
 + Level 1.5 Air Magic
 + Level 1.5 Earth Magic
 + Level 1.5 Poison Magic
 + Level 2.1 Invocations
 + Level 1.9 Evocations


You had 9 spell levels left.
You knew the following spells:

 Your Spells              Type           Power        Failure   Level  Hunger
e - Beastly Appendage     Tmut           ###...       9%          1    None
k - Sticks to Snakes      Tmut           ###.....     12%         2    #......
p - Spider Form           Tmut/Pois      ##........   28%         3    ##.....


Dungeon Overview and Level Annotations

Branches:
Dungeon (6/15)
 Temple: D:4-7

Altars:
Cheibriados
Dithmenos
Kikubaaqudgha
Makhleb

Shops:
D:4 =


Innate Abilities, Weirdness & Mutations

Your experience applies equally to all skills.
((You have very sharp teeth.))
Your uncanny sense of smell can sniff out nearby items.
You are agile. (Dex +2)
You tend to lose your temper in combat.
((Your system is resistant to poisons. (rPois)))
Your muscles are strong. (Str +2)


Message History

The kobold zombie barely misses your adder.
Your adder bites the kobold zombie.
The kobold zombie barely misses your adder.
Your adder closely misses the kobold zombie.
Your adder bites the kobold zombie.
The kobold zombie is destroyed!
Cheibriados appreciates the change of pace.
You swap places.
A poisoned needle misses your adder!
There is an open door here.
You open the door.
You found a needle trap!
There is an open door here.
A poisoned needle shoots out and misses you.
You found a needle trap!
There is a needle trap here.
You found a needle trap!
An arrow shoots out and hits you!
* * * LOW HITPOINT WARNING * * *
There is an arrow trap here.
An arrow hits your adder!
You open the door. 2 zombies come into view.
Your transformation is almost over.
There is an open door here.
Unknown command.
Your adder withers and dies!
Unknown command.
The helpless gnoll zombie fails to defend itself.
You hit the gnoll zombie.
The gnoll zombie is lightly damaged.
There is an open door here.
Casting: Spider Form (safe; 28% risk of failure)
Confirm with . or Enter, or press ? or * to list all spells.
You create a snake!
You now have 2 arrows.
The gnoll zombie completely misses you.
You bite the gnoll zombie!
The gnoll zombie is severely damaged.
The gnoll zombie completely misses you.
You bite the gnoll zombie!
You destroy the gnoll zombie!
Cheibriados appreciates the change of pace.
You hit the water moccasin zombie.
The water moccasin zombie is lightly damaged.
Your transformation has ended.
Your +1 dagger unmelds from your body.
Your +0 pair of gloves unmelds from your body.
Your +0 robe unmelds from your body.
Your adder barely misses the water moccasin zombie.
The water moccasin zombie bites you.
* * * LOW HITPOINT WARNING * * *
Casting: Sticks to Snakes (safe; 3% risk of failure)
Confirm with . or Enter, or press ? or * to list all spells.
You turn into a venomous arachnid creature.
Your +1 dagger melds into your body.
Your +0 pair of gloves melds into your body.
Your +0 robe melds into your body.
Your adder closely misses the water moccasin zombie.
The water moccasin zombie bites you.
* * * LOW HITPOINT WARNING * * *
You bite the water moccasin zombie!
The water moccasin zombie is moderately damaged.
Your adder barely misses the water moccasin zombie.
The water moccasin zombie misses you.
Your adder misses the water moccasin zombie.
You hit the water moccasin zombie but do no damage.
The water moccasin zombie is moderately damaged.
The water moccasin zombie completely misses you.
Your adder barely misses the water moccasin zombie.
You bite the water moccasin zombie!
The water moccasin zombie is heavily damaged.
The water moccasin zombie closely misses you.
Your adder barely misses the water moccasin zombie.
You hit the water moccasin zombie but do no damage.
The water moccasin zombie is heavily damaged.
The water moccasin zombie misses you.
Your adder bites the water moccasin zombie.
You bite the water moccasin zombie!
The water moccasin zombie is severely damaged.
The water moccasin zombie closely misses you.
Your adder bites the water moccasin zombie.
You hit the water moccasin zombie.
You destroy the water moccasin zombie!
Cheibriados thoroughly appreciates the change of pace.
Your Dodging skill increases to level 5!
There is an open door here.
You open the door.
You found a needle trap!
There is an open door here.
You avoid triggering a needle trap.
Your transformation is almost over.
There is a needle trap here.
A poisoned needle shoots out and hits you!
You are lethally poisoned!
You found a needle trap! x2
* * * LOW HITPOINT WARNING * * *
You feel very sick.
A poisoned needle hits your adder, but does no damage!
There is a needle trap here.
You aren't carrying any potions.
Unknown command.
Are you sure you want to abandon this character and quit the game? (Confirm with "yes".)

#.^.# #^.
#'### ##'
#...# #..
#...# #..
#...# #..
#...# #..
###'# ##'
#.^S# #^^
#..s# ###
#####^^
#..^#
#!!!?#...#..
#..^+
+!=$!#.∩.'.^
#...#
#!!!?#...#..
##### ###
#######


You could see a friendly adder.

Vanquished Creatures
  2 water moccasin zombies (Ossuary)
  A worker ant (D:4)
  A big kobold zombie (Ossuary)
  An adder (D:4)
  An ooze (D:1)
  An adder zombie (Ossuary)
  A worm (D:2)
  A leopard gecko (D:1)
  An orc (D:5)
  2 giant cockroaches
  4 goblins
  A hobgoblin (D:1)
  A bat (D:2)
  A frilled lizard (D:1)
  5 gnoll zombies (Ossuary)
  3 hobgoblin zombies (Ossuary)
  A kobold zombie (Ossuary)
  4 orc zombies (Ossuary)
  2 rats
34 creatures vanquished.

Vanquished Creatures (collateral kills)
  Prince Ribbit (D:5)
  2 adder zombies
  A worm (D:2)
  A hobgoblin (D:2)
  A frilled lizard (D:2)
  A kobold zombie (Ossuary)
7 creatures vanquished.

Grand Total: 41 creatures vanquished

Notes
Turn   | Place    | Note
-------+----------+-------------------------------------------
     0 | D:1      | tidbits the Gnoll Transmuter began the quest for the Orb.
     0 | D:1      | Reached XP level 1. HP: 17/17 MP: 6/6
   193 | D:1      | Reached XP level 2. HP: 18/23 MP: 5/7
   197 | D:1      | Learned a level 2 spell: Sticks to Snakes
   418 | D:2      | Reached XP level 3. HP: 28/28 MP: 7/9
   423 | D:2      | Learned a level 3 spell: Spider Form
   437 | D:2      | Reached skill level 5 in Spellcasting
   497 | D:4      | Reached skill level 1 in Short Blades
   497 | D:4      | Reached skill level 1 in Long Blades
   497 | D:4      | Reached skill level 1 in Axes
   497 | D:4      | Reached skill level 1 in Maces & Flails
   497 | D:4      | Reached skill level 1 in Polearms
   497 | D:4      | Reached skill level 1 in Staves
   497 | D:4      | Reached skill level 1 in Slings
   497 | D:4      | Reached skill level 1 in Bows
   497 | D:4      | Reached skill level 1 in Crossbows
   497 | D:4      | Reached skill level 1 in Throwing
   497 | D:4      | Reached skill level 1 in Armour
   497 | D:4      | Reached skill level 1 in Stealth
   497 | D:4      | Reached skill level 1 in Shields
   497 | D:4      | Reached skill level 1 in Invocations
   497 | D:4      | Reached skill level 1 in Evocations
   550 | D:4      | Reached XP level 4. HP: 30/34 MP: 1/11
   582 | D:5      | Entered Level 5 of the Dungeon
   655 | D:3      | Found a burning altar of Makhleb.
   655 | D:3      | Found a shadowy altar of Dithmenos.
   660 | D:3      | Found an ancient bone altar of Kikubaaqudgha.
   663 | D:3      | Found a faded altar of an unknown god.
   664 | D:3      | Found a snail-covered altar of Cheibriados.
   667 | D:3      | Became a worshipper of Cheibriados the Contemplative
   692 | D:4      | Found Xacw's Jewellery Shoppe.
   758 | D:5      | Noticed Prince Ribbit
   789 | D:5      | Killed Prince Ribbit
   789 | D:5      | Reached skill level 3 in Fighting
   789 | D:5      | Reached skill level 1 in Conjurations
   789 | D:5      | Reached skill level 1 in Hexes
   789 | D:5      | Reached skill level 1 in Charms
   789 | D:5      | Reached skill level 1 in Summonings
   789 | D:5      | Reached skill level 1 in Necromancy
   789 | D:5      | Reached skill level 1 in Translocations
   789 | D:5      | Reached skill level 4 in Transmutations
   789 | D:5      | Reached skill level 1 in Fire Magic
   789 | D:5      | Reached skill level 1 in Ice Magic
   789 | D:5      | Reached skill level 1 in Air Magic
   789 | D:5      | Reached skill level 1 in Earth Magic
   789 | D:5      | Reached skill level 1 in Poison Magic
   789 | D:5      | Reached XP level 5. HP: 10/41 MP: 1/12
   804 | D:5      | Gained mutation: Your system is resistant to poisons. (rPois) [potion of mutation]
   804 | D:5      | Gained mutation: You are agile. (Dex +2) [potion of mutation]
   804 | D:5      | Gained mutation: You tend to lose your temper in combat. [potion of mutation]
   804 | D:5      | Gained mutation: Your muscles are strong. (Str +2) [potion of mutation]
   812 | D:5      | Found a sand-covered staircase.
   822 | Ossuary  | Entered an ossuary
   870 | Ossuary  | HP: 4/41 [big kobold zombie (3)]
   929 | Ossuary  | Reached skill level 2 in Invocations
   929 | Ossuary  | Reached XP level 6. HP: 8/47 MP: 10/13
   997 | Ossuary  | Reached skill level 5 in Dodging
  1007 | Ossuary  | Quit the game

Vault maps used:
D:1:      dpeg_arrival_water_temple_mockup
D:2:      lemuel_coloured_pillars_altar, uniq_sigmund, uniq_natasha
D:3:      gammafunk_temple_overflow_arena, chequers_temple_overflow_minitemple,
          serial_undead, serial_undead_c, serial_undead_f, serial_undead_f,
          serial_undead_b, fedhas_altar_fruit_tree
D:4:      serial_shops, nicolae_shop_waterfront, minmay_ruined_shrine
D:5:      minmay_temple_entry_grid, first_ration, chequers_ossuary_entry_cave,
          uniq_prince_ribbit1
D:6:      grunt_temple_overflow_diamond, nicolae_underground_beach
Ossuary:  ossuary_tomb_2

Skill      XL: |  1  2  3  4  5  6 |
---------------+-------------------+-----
Spellcasting   | 5 |  5.3
Short Blades   | 1 |  1.9
Long Blades    | 1 |  1.9
Axes           | 1 |  1.9
Maces & Flails | 1 |  1.9
Polearms       | 1 |  1.9
Staves         | 1 |  1.9
Slings         | 1 |  1.9
Bows           | 1 |  1.9
Crossbows      | 1 |  1.9
Throwing       | 1 |  1.9
Armour         | 1 |  1.9
Stealth        | 1 |  1.9
Shields        | 1 |  1.9
Invocations    | 1 2 |  2.1
Evocations     | 1 |  1.9
Fighting       | 3 |  3.2
Conjurations   | 1 |  1.5
Hexes          | 1 |  1.5
Charms         | 1 |  1.5
Summonings     | 1 |  1.5
Necromancy     | 1 |  1.5
Translocations | 1 |  1.5
Transmutations | 4 |  4.1
Fire Magic     | 1 |  1.5
Ice Magic      | 1 |  1.5
Air Magic      | 1 |  1.5
Earth Magic    | 1 |  1.5
Poison Magic   | 1 |  1.5
Dodging        | 5 |  5.0
Unarmed Combat | |  6.8

Action                   |  1- 3 |  4- 6 || total
-------------------------+-------+-------++-------
Melee: Unarmed           |    49 |    60 ||   109
       Kick              |     4 |       ||     4
       Bite              |     4 |       ||     4
       Punch             |     1 |       ||     1
       Short sword       |     8 |       ||     8
       Dagger            |       |     2 ||     2
 Cast: Beastly Appendage |     7 |       ||     7
       Sticks to Snakes  |     3 |     6 ||     9
       Spider Form       |     1 |     8 ||     9
 Abil: End Transformatio |       |     3 ||     3
Evoke: Wand              |       |     9 ||     9
  Use: Potion            |     3 |     3 ||     6
       Scroll            |     2 |     6 ||     8
 Stab: Sleeping          |     3 |     1 ||     4
       Distracted        |     1 |       ||     1
       Paralysed         |       |     1 ||     1
  Eat: Ration            |       |     1 ||     1
Armor: Robe              |     4 |     1 ||     5
       Skin              |       |     1 ||     1
Dodge: Dodged            |    34 |    39 ||    73

Table legend:
 A = Spawn XP
 B = Non-spawn XP
 C = Spawn XP percentage of total XP
 D = Spawn monster count
 E = Non-spawn monster count
 F = Spawn count percentage of total count
 G = Total turns spent on level
                    A         B        C        D         E        F      G
               +---------+---------+-------+---------+---------+-------+---------
         Total |       0 |     450 |   0.0 |       0 |      41 |   0.0 |  1007
               +---------+---------+-------+---------+---------+-------+---------
           D:1 |       0 |      22 |   0.0 |       0 |       9 |   0.0 |   332
           D:2 |       0 |      17 |   0.0 |       0 |       8 |   0.0 |   124
           D:3 |       0 |       5 |   0.0 |       0 |       1 |   0.0 |    66
           D:4 |       0 |      46 |   0.0 |       0 |       2 |   0.0 |   142
           D:5 |       0 |     157 |   0.0 |       0 |       2 |   0.0 |   156
       Ossuary |       0 |     203 |   0.0 |       0 |      19 |   0.0 |   185
               +---------+---------+-------+---------+---------+-------+---------

Table legend:
 A = Turns spent in this place as a percentage of turns spent in the entire game.
 B = Non-inter-level travel turns spent in this place as a percentage of non-inter-level travel turns spent in the entire game.
 C = Inter-level travel turns spent in this place as a percentage of turns spent in this place.
 D = Turns resting spent in this place as a percentage of non-inter-level travel turns spent in this place.
 E = Turns spent auto-exploring this place as a percentage of non-inter-level travel turns spent in this place.
 F = Non-inter-level travel turns spent in this place divided by the number of levels of this place that you've seen.
                   A       B       C       D       E      F
               +-------+-------+-------+-------+-------+----------------------
         Total | 100.0 | 100.0 |   0.0 |   0.0 |   0.0 | 143.9
       Dungeon |  81.6 |  81.6 |   0.0 |   0.0 |   0.0 | 137.0
       Ossuary |  18.4 |  18.4 |   0.0 |   0.0 |   0.0 | 185.0
               +-------+-------+-------+-------+-------+----------------------

Table legend:
 A = Kills in this place as a percentage of kills in entire the game.
 B = Kills by you in this place as a percentage of kills by you in the entire game.
 C = Kills by friends in this place as a percentage of kills by friends in the entire game.
 D = Other kills in this place as a percentage of other kills in the entire game.
 E = Experience gained in this place as a percentage of experience gained in the entire game.
 F = Experience gained in this place divided by the number of levels of this place that you have seen.
                   A       B       C       D       E      F
               +-------+-------+-------+-------+-------+----------------------
         Total | 100.0 | 100.0 | 100.0 |   N/A | 100.0 |  64.3
       Dungeon |  53.7 |  50.0 |  71.4 |   N/A |  54.9 |  41.2
       Ossuary |  46.3 |  50.0 |  28.6 |   N/A |  45.1 | 203.0
               +-------+-------+-------+-------+-------+----------------------

Vault maps used:
D:1:      dpeg_arrival_water_temple_mockup
D:2:      lemuel_coloured_pillars_altar, uniq_sigmund, uniq_natasha
D:3:      gammafunk_temple_overflow_arena, chequers_temple_overflow_minitemple,
          serial_undead, serial_undead_c, serial_undead_f, serial_undead_f,
          serial_undead_b, fedhas_altar_fruit_tree
D:4:      serial_shops, nicolae_shop_waterfront, minmay_ruined_shrine
D:5:      minmay_temple_entry_grid, first_ration, chequers_ossuary_entry_cave,
          uniq_prince_ribbit1
D:6:      grunt_temple_overflow_diamond, nicolae_underground_beach
Ossuary:  ossuary_tomb_2
